 Dungeon Crawl Stone Soup version 0.16-a0-3708-g05dc7d7 (webtiles) character file.

1914333 Vidiiot the Wrestler (level 25, 215/215 HPs)
             Began as a Troll Wizard on Jan 19, 2015.
             Was the Champion of Ru.
             Escaped with the Orb
             ... and 3 runes!
             The game lasted 04:28:42 (50912 turns).

Vidiiot the Wrestler (Troll Wizard)                Turns: 50912, Time: 04:28:42

Health: 215/215    AC: 30    Str: 30    XL:     25   Next: 1%
Magic:  24/24      EV: 12    Int: 14    God:    Ru [******]
Gold:   3746       SH: 16    Dex:  8    Spells: 8 memorised, 14 levels left

rFire  + + .     SeeInvis .       - Unarmed
rCold  . . .     Rnd*Rage +     o - +8 fire dragon armour
rNeg   + . .     SustAb   .     a - +4 shield "Antaenia" {rPois+}
rPois  +         Gourm    +     X - +0 hat "Pitweixa" {+Fly rElec rN+}
rElec  +         Spirit   .     k - +2 cloak {MR+}
rCorr  .         Warding  .     (gloves unavailable)
rMut   +         Stasis   .     (boots unavailable)
MR     ++...                    F - amulet of resist mutation
Stlth  ..........               (no ring)
                                V - ring of protection from cold

@: very slightly contaminated, very resistant to hostile enchantments, extremely
unstealthy
A: unfitting armour, claws 3, horns 1, talons 1, berserk 1, fast metabolism 3,
frail 1, gourmand, low mp 2, regeneration 2, shaggy fur 1, tough skin 2,
inability to read while threatened, no stealth, no air magic, no conjurations
magic, no necromancy magic
a: Draw Out Power, Power Leap, Apocalypse, Renounce Religion, Evoke Flight
0: Orb of Zot
}: 3/15 runes: decaying, abyssal, gossamer


You escaped.
You worshipped Ru.
Ru was exalted by your worship.
You were full.

You visited 10 branches of the dungeon, and saw 51 of its levels.
You visited the Abyss 1 time.
You visited 1 ziggurat, and saw 10 of its levels.
You also visited: Sewer, Ice Cave and Wizlab.

You collected 5039 gold pieces.
You spent 1293 gold pieces at shops.

Inventory:

Missiles
 j - a throwing net
 r - 5 curare-tipped needles
 P - 27 large rocks (quivered)
Armour
 a - the +4 shield "Antaenia" (worn) {rPois+}
   (You found it on level 2 of the Realm of Zot)

   It protects you from poison.
 k - a +2 cloak of magic resistance (worn)
 o - a +8 fire dragon armour (worn)
 X - the +0 hat "Pitweixa" (worn) {+Fly rElec rN+}
   (You found it on level 8 of the Lair of Beasts)

   It insulates you from electricity.
   It protects you from negative energy.
   It lets you fly.
Rods
 d - a +5 lightning rod (13/13)
   (You found it on level 7 of a ziggurat)
 n - a +2 rod of inaccuracy (16/16)
   (You found it on level 4 of the Lair of Beasts)
Jewellery
 c - an uncursed amulet of clarity
 e - an uncursed ring of protection from magic
 F - an amulet of resist mutation (around neck)
 J - an uncursed ring of teleport control
 M - a +4 ring of slaying
 N - the ring of Perfectionism {rElec rN+ Str+3 Dex+3}
   (You found it on level 9 of a ziggurat)

   [ring of dexterity]

   It affects your strength (+3).
   It affects your dexterity (+3).
   It insulates you from electricity.
   It protects you from negative energy.
 T - an uncursed ring of teleportation
 V - a ring of protection from cold (left claw)
Magical devices
 i - a wand of hasting (2)
 m - a wand of cold (2)
 s - a wand of digging (7)
 G - a wand of teleportation (5)
 I - a wand of confusion (32)
 L - a wand of fire (0)
 U - a wand of paralysis (8)
 W - a wand of confusion (12)
Scrolls
 f - 8 scrolls of recharging
 l - a scroll of holy word
 p - 4 scrolls of immolation
 q - a scroll of blinking
 t - 11 scrolls of remove curse
 u - a scroll of silence
 w - 7 scrolls of fog
 z - 4 scrolls of vulnerability
 O - 8 scrolls of teleportation
 R - 4 scrolls of fear
Potions
 b - a potion of invisibility
 g - 3 potions of might
 A - 3 potions of cancellation
 C - 6 potions of agility
 H - a potion of magic
 K - 4 potions of heal wounds
 S - 5 potions of curing
 Y - a potion of restore abilities
Miscellaneous
 y - 2 fans of gales (1 inert)
 D - 2 phials of floods
 Q - 2 phantom mirrors
 Z - a lamp of fire
Comestibles
 h - 21 bread rations
 x - 6 meat rations


   Skills:
 - Level 12.2 Fighting
 - Level 9.5 Throwing
 + Level 19.6 Armour
 - Level 11.6 Dodging
 - Level 10.7 Shields
 - Level 23.4 Unarmed Combat
 - Level 5.4 Spellcasting
 - Level 6.4 Charms
   Level 0.6 Summonings
 - Level 7.0 Translocations
 - Level 10.3 Evocations


You had 14 spell levels left.
You knew the following spells:

 Your Spells              Type           Power        Failure   Level  Hunger
a - Magic Dart            Conj           #...         34%         1    None
b - Repel Missiles        Chrm/Air       ##....       12%         2    ##.....
c - Mephitic Cloud        Conj/Pois/Air  #.......     87%         3    ###....
d - Animate Skeleton      Necr           N/A          34%         1    None
e - Blink                 Tloc           N/A          2%          2    ##.....
f - Apportation           Tloc           ###.......   1%          1    None
g - Haste                 Chrm           ###.....     100%        6    #######
h - Control Teleport      Chrm/Tloc      ###.......   17%         4    ####...


Dungeon Overview and Level Annotations

Branches:
Dungeon (15/15)            Temple (1/1) D:5            Lair (8/8) D:10
  Swamp (5/5) Lair:3       Spider (5/5) Lair:5        Slime (0/6) Lair:7
    Orc (3/4) D:10            Elf (3/3) Orc:3        Vaults (1/5) D:14
 Depths (5/5) D:15            Zot (5/5) Depths:5

Altars:
Ashenzari
Dithmenos
Elyvilon
Fedhas
Gozag
Kikubaaqudgha
Makhleb
Nemelex Xobeh
Okawaru
Qazlal
Ru
Sif Muna
Trog
Vehumet
Xom
Yredelemnul
Zin
Beogh
Lugonu

Shops:
D:5 *?!%   D:10 (   D:13 }(

Portals:
Hell: Depths:1 Depths:2 Depths:3
Abyss: Depths:1 Depths:4
Pandemonium: Depths:1 Depths:2

Annotations:
D:6 exclusion: downstairs
D:8 1 exclusion, dysrexia's ghost, experienced MiGl
D:9 exclusion: downstairs, kroki's ghost, experienced VSBe
D:11 Erolcha
D:12 Nergalle
D:13 exclusion: 2 downstairs
Lair:2 exclusions: downstairs and upstairs
Lair:5 exclusion: downstairs
Lair:6 exclusion: downstairs
Lair:7 exclusion: downstairs
Swamp:3 exclusion: downstairs
Elf:3 1 exclusion
Depths:1 exclusion: downstairs
Zot:1 exclusion: 2 oklob plants
Zot:2 exclusion: downstairs
Zot:5 1 exclusion


Innate Abilities, Weirdness & Mutations

You are too large for most types of armour.
You have claws for hands.
Your metabolism is lightning-fast.
You are frail (-10% HP).
You like to eat raw meat.
Your magical capacity is very low (-20% MP).
You heal very quickly.
You are covered in fur (AC +1).
You have very tough skin (AC +2).
You cannot read scrolls while threatened.
You cannot be stealthy.
You cannot study or cast Air magic.
You cannot study or cast Conjurations magic.
You cannot study or cast Necromancy magic.
You have a pair of small horns on your head.
You have sharp toenails.
You tend to lose your temper in combat.


Message History

(D) Dungeon (T) Temple (L) Lair (S) Swamp (N) Spider Nest (M) Slime Pits (O) Orcish Mines (E) Elven Halls (V) Vaults (U) Depths (H) Hell (Z) Zot
Where to? (Enter - D:1, ? - help)
There is a stone staircase leading up here.
You climb upwards.
You sense a powerful magical force warping space.
There is a stone staircase leading down here.
There is a stone staircase leading up here.
Your extra speed is starting to run out.
You climb upwards.
You sense a powerful magical force warping space.
There is a stone staircase leading down here.
You feel yourself slow down.
There is a stone staircase leading up here.
You climb upwards.
You sense a powerful magical force warping space.
There is a stone staircase leading down here.
There is a staircase leading out of the dungeon here.
You have escaped!

##............##..........##.#.
###....†..##....##....##....>#.#.
#.........##..........##.........
#....##..........................
#....##...................##....#
#.........................##...##
#..............................#
#..##..........................#
#..##...........@..........##..##
...........................##....
.................................
....##....[....................##
#... #...............)...##......
#............(...........##....##
......##..........##.........##
#.....##....##....##.......####
...........##.................


There were no monsters in sight!

Vanquished Creatures
  3 orbs of fire (Zot:5)
  3 ancient liches (Zot:5)
  6 curse toes
  7 Killer Klowns
  5 golden dragons
  2 bone dragons (Depths:5)
  Nikola (Swamp:3)
  4 electric golems
  12 tentacled monstrosities
  20 Orb Guardians
  A lich (Depths:5)
  A deep elf master archer (Elf:3)
  An eldritch tentacle (Abyss:3)
  2 deep elf blademasters
  2 quicksilver dragons (Depths:5)
  2 titans
  2 tentacled starspawn
  Rupert (D:14)
  Agnes (Spider:1)
  17 storm dragons
  2 ancient champions (Zig:2)
  2 octopode crushers (Depths:1)
  A shadow dragon (shapeshifter) (Zig:9)
  Kirke (D:15)
  3 shadow dragons
  A thorn hunter (Swamp:4)
  3 tengu reavers
  4 draconian monks
  A sphinx (Depths:3)
  6 fire giants
  A vault warden (Vaults:1)
  Maud (Lair:8)
  A caustic shrike zombie (Depths:2)
  7 draconian scorchers
  7 deep elf sorcerers (Elf:3)
  7 draconian knights
  5 ghost moths
  5 frost giants
  2 draconian zealots
  8 emperor scorpions (Spider:5)
  A warmonger (D:11)
  2 ironheart preservers (Vaults:1)
  5 draconian annihilators
  5 draconian shifters
  14 stone giants
  A draconian caller (Zot:2)
  17 very ugly things
  6 green draconians
  9 deep elf demonologists
  10 rakshasas
  9 grey draconians
  2 vampire knights
  2 mottled draconians
  4 red draconians
  7 pale draconians
  9 black draconians
  8 dire elephants
  10 deep elf annihilators (Elf:3)
  5 yellow draconians
  3 white draconians
  2 purple draconians
  Snorg (Swamp:4)
  3 green deaths
  4 deep elf death magi (Elf:3)
  9 crystal guardians (Elf:3)
  4 ettins
  15 fire dragons
  4 great orbs of eyes
  Josephine (D:11)
  3 minotaurs
  15 hydras
  Fannar (D:11)
  6 deep elf high priests
  10 yaktaur captains
  5 death cobs
  8 ice dragons
  9 centaur warriors
  An ogre mage (Depths:2)
  A tengu warrior (D:15)
  3 spriggan air magi
  A dancing weapon (Elf:2)
  An anaconda (Lair:8)
  18 death yaks
  4 alligators
  3 deep troll earth magi
  A thrashing horror (Abyss:3)
  A hell beast (Depths:1)
  The ghost of Johnny the Nimble, an experienced HEAr of Zin (Lair:1)
  5 deep troll shamans
  Urug (Spider:1)
  11 hell knights
  12 deep elf knights
  9 spriggans
  2 spriggan berserkers (Depths:5)
  5 iron trolls
  A wretched star (Abyss:3)
  A titan skeleton (Depths:1)
  A death drake (shapeshifter) (D:15)
  4 deep trolls
  7 skeletal warriors (D:14)
  2 sun demons
  2 ice devils (Zig:7)
  4 catoblepae
  5 deep elf summoners
  A spatial maelstrom (Abyss:3)
  A golden dragon zombie (Depths:2)
  A storm dragon skeleton (Abyss:1)
  6 swamp dragons
  6 unseen horrors
  A spriggan druid (Swamp:5)
  3 wizards
  A tengu zombie (Zig:7)
  An ice statue (IceCv)
  A shambling mangrove (Swamp:2)
  11 hill giants
  5 necromancers
  4 giant orange brains
  Pikel (D:5)
  A wolf spider zombie (Abyss:2)
  2 orc knights
  19 wolf spiders
  A harpy (D:15)
  3 cyclopes
  2 hornets (shapeshifter) (Depths:2)
  9 deep elf conjurers
  A griffon (Lair:7)
  A deathcap (Zot:4)
  2 orc sorcerers
  An iron dragon zombie (Zig:7)
  36 ugly things
  A frost giant zombie (Depths:2)
  An oklob plant (Lair:4)
  A manticore (D:15)
  5 hornets
  14 orb spiders
  10 elephants
  2 sixfirhies
  18 moths of wrath
  An elephant (shapeshifter) (Elf:3)
  A dire elephant zombie (Zig:4)
  A vault sentinel (Vaults:1)
  Maurice (D:9)
  A frost giant skeleton (Abyss:3)
  A worldbinder (Abyss:2)
  3 orange demons
  3 apocalypse crabs (Zig:9)
  17 spiny frogs
  A torpor snail (Depths:2)
  An orange crystal statue (Zig:7)
  A yaktaur zombie (Depths:1)
  Psyche (D:10)
  2 kobold demonologists (D:13)
  An elf zombie (Zig:7)
  2 rust devils
  An efreet (Abyss:2)
  2 smoke demons
  2 spriggan zombies
  3 ancient zymes
  6 fire drakes
  10 komodo dragons
  6 yaktaurs
  A yaktaur (shapeshifter) (Depths:1)
  A tormentor (Zig:7)
  2 trolls
  A guardian mummy (Zig:4)
  13 demonic crawlers
  2 tengu conjurers (Depths:2)
  A two-headed ogre (D:11)
  2 freezing wraiths
  17 jumping spiders
  2 red devils (Abyss:2)
  8 large abominations
  18 polar bears (IceCv)
  7 blink frogs
  8 bog bodies
  7 giant leeches
  16 deep elf priests
  24 slime creatures
  3 baby alligators (Swamp:2)
  A blink frog (shapeshifter) (Vaults:1)
  3 raiju (Abyss:3)
  A trapdoor spider zombie (D:10)
  3 basilisks
  A spriggan (shapeshifter) (Depths:3)
  7 ravens
  An ettin zombie (Depths:2)
  An ushabti (Zig:4)
  3 ynoxinuls
  8 starcursed masses
  7 water elementals
  2 vampires
  21 redbacks
  22 trapdoor spiders
  47 yaks
  4 air elementals
  2 fire elementals (Zig:1)
  7 shadows
  A wraith (D:13)
  19 deep elf magi
  19 tarantellas
  2 chaos spawn (Zig:9)
  5 hogs (D:15)
  A steam dragon (Lair:7)
  24 deep elf fighters
  A human (shapeshifter) (Abyss:3)
  22 wolves
  16 vampire mosquitoes
  2 neqoxecs
  A wyvern (shapeshifter) (Depths:2)
  16 humans
  3 human zombies (Depths:1)
  2 wargs
  12 water moccasins
  A hell hound (Depths:1)
  5 hippogriffs
  7 hungry ghosts
  2 mottled dragons
  6 insubstantial wisps
  17 swamp worms
  4 phantoms
  4 wandering mushrooms
  A necrophage (D:13)
  4 ice beasts
  7 orc warriors
  8 porcupines
  3 eyes of draining
  7 ogres
  2 black bears
  28 spiders
  3 swamp drakes
  12 wasps
  5 sky beasts
  4 boggarts
  A boring beetle (Lair:8)
  18 crocodiles
  5 big kobolds
  12 centaurs
  16 giant frogs
  A gnoll sergeant (D:11)
  5 small abominations
  9 scorpions
  2 wyvern skeletons
  A troll skeleton (Abyss:3)
  15 killer bees
  2 giant frog zombies (D:11)
  3 electric eels
  5 crimson imps
  A goliath beetle (Lair:5)
  15 hounds
  7 jellies
  7 centaur zombies
  17 orc priests
  5 centaur skeletons
  11 iguanas
  An iron imp (Abyss:1)
  4 quasits
  3 giant frog skeletons
  A hell rat (Zig:6)
  20 orc wizards
  8 worker ants
  A lightning spire (Zig:9)
  A sheep (Lair:6)
  2 hound zombies (D:11)
  2 mummies (Zig:4)
  2 worker ant zombies
  7 gnolls
  25 adders
  3 shadow imps
  14 white imps
  A giant mite (D:4)
  81 river rats
  7 worms
  3 ufetubi
  An adder skeleton (D:4)
  3 giant geckos
  7 oozes
  93 orcs
  3 ball pythons (Sewer)
  6 giant cockroaches
  11 goblins
  12 hobgoblins
  21 kobolds
  4 quokkas
  A quokka (shapeshifter) (Depths:1)
  8 bats
  4 giant newts
  15 rats
  2 bushes (Lair:4)
  5 fungi
  3 plants (Lair:8)
  2 starspawn tentacles (Abyss:3)
1833 creatures vanquished.

Vanquished Creatures (collateral kills)
  A greater mummy (Zig:4)
  An Orb Guardian (Zot:5)
  A draconian zealot (Zot:5)
  An ettin (Depths:1)
  A death scarab (Zig:4)
  An orb spider (Spider:1)
  A wolf spider (Spider:1)
  A centaur skeleton (D:15)
  A tarantella (Spider:1)
9 creatures vanquished.

Vanquished Creatures (others)
  A fire dragon (Depths:2)
  An ice dragon (Zot:5)
  A rakshasa (Vaults:1)
  A death yak (Depths:2)
  A death yak (shapeshifter) (Depths:2)
  An alligator (Swamp:3)
  A hell knight (Depths:1)
  2 deep elf knights
  A hill giant (D:14)
  2 wolf spiders
  A wizard (D:11)
  A manticore (Depths:3)
  A moth of wrath (Zot:5)
  A spiny frog (Swamp:1)
  3 air elementals
  A yaktaur (Vaults:1)
  A demonic crawler (Zig:10)
  A freezing wraith (Vaults:1)
  2 water elementals (Zot:5)
  3 fire elementals
  A jumping spider (Zig:10)
  A spriggan (Swamp:2)
  A trapdoor spider (Spider:5)
  A hog (D:15)
  3 tarantellas
  A swamp worm (shapeshifter) (Depths:2)
  A wolf (IceCv)
  A chimera (D:14)
  A crocodile (Swamp:3)
  A boggart (Depths:1)
  A hound (D:5)
  A white imp (Abyss:3)
  A bush (Lair:1)
  26 eldritch tentacle segments
  22 fungi
  19 plants
  A starspawn tentacle (Abyss:1)
  10 starspawn tentacle segments (Abyss:3)
120 creatures vanquished.

Grand Total: 1962 creatures vanquished

Notes
Turn   | Place    | Note
--------------------------------------------------------------
     0 | D:1      | Vidiiot, the Troll Wizard, began the quest for the Orb.
     0 | D:1      | Reached XP level 1. HP: 16/16 MP: 3/3
    15 | D:1      | Reached skill level 1 in Unarmed Combat
    95 | D:1      | Reached XP level 2. HP: 22/24 MP: 3/3
   396 | D:2      | Reached XP level 3. HP: 25/31 MP: 5/5
   451 | D:2      | Reached skill level 3 in Unarmed Combat
   469 | D:2      | Found a radiant altar of Vehumet.
   567 | D:2      | Reached XP level 4. HP: 13/39 MP: 5/5
   595 | D:2      | Reached skill level 4 in Unarmed Combat
   708 | D:4      | Found a sparkling altar of Nemelex Xobeh.
   825 | D:4      | Found a glowing drain.
   829 | D:4      | Reached XP level 5. HP: 45/45 MP: 6/6
   839 | Sewer    | Entered a sewer
   977 | Sewer    | Reached skill level 5 in Unarmed Combat
  1038 | Sewer    | Reached skill level 6 in Unarmed Combat
  1038 | Sewer    | Reached XP level 6. HP: 37/53 MP: 7/7
  1406 | Sewer    | Learned a level 2 spell: Repel Missiles
  1515 | D:5      | Entered Level 5 of the Dungeon
  1552 | D:4      | Reached skill level 7 in Unarmed Combat
  1661 | D:5      | Found a staircase to the Ecumenical Temple.
  1670 | Temple   | Entered the Ecumenical Temple
  1688 | Temple   | Became a worshipper of Ru the Awakened
  1749 | D:5      | Found Odini's Magic Scroll Shop.
  1755 | D:5      | Bought a scroll of teleportation for 30 gold pieces
  1797 | D:5      | Found Niud's Distillery.
  1800 | D:5      | Noticed Pikel
  1815 | D:5      | Killed Pikel
  1815 | D:5      | Reached skill level 9 in Unarmed Combat
  1815 | D:5      | Reached XP level 7. HP: 54/59 MP: 8/8
  1885 | D:5      | Reached XP level 8. HP: 63/67 MP: 8/8
  1895 | D:5      | Found Giocluarch's Assorted Antiques.
  1911 | D:5      | Bought a scroll labeled PECOINWOCU for 23 gold pieces
  1996 | D:5      | Learned a level 3 spell: Mephitic Cloud
  2101 | D:6      | Reached skill level 10 in Unarmed Combat
  2127 | D:6      | Found an ancient bone altar of Kikubaaqudgha.
  2129 | D:6      | Found a blossoming altar of Fedhas.
  2587 | D:6      | Gained mutation: You cannot be stealthy. [Ru sacrifice]
  2617 | D:6      | Found a burning altar of Makhleb.
  2808 | D:6      | Reached skill level 11 in Unarmed Combat
  3123 | D:6      | HP: 2/67 [killer bee (4)]
  3309 | D:5      | Found Fiutos' Food Shop.
  3348 | D:5      | Reached XP level 9. HP: 66/74 MP: 9/9
  3389 | D:5      | Found a stormy altar of Qazlal.
  3621 | D:8      | Reached skill level 12 in Unarmed Combat
  3860 | D:8      | Found an opulent altar of Gozag.
  3889 | D:8      | Learned a level 1 spell: Animate Skeleton
  3892 | D:8      | Found an iron altar of Okawaru.
  3902 | D:8      | Found a shattered altar of Ashenzari.
  3929 | D:8      | Noticed dysrexia's ghost (experienced MiGl)
  4144 | D:9      | Noticed Maurice
  4184 | D:9      | Killed Maurice
  4184 | D:9      | Reached skill level 13 in Unarmed Combat
  4743 | D:10     | Entered Level 10 of the Dungeon
  4765 | D:10     | Noticed Psyche
  4781 | D:10     | Killed Psyche
  4781 | D:10     | Reached XP level 10. HP: 53/81 MP: 10/10
  4911 | D:9      | Noticed kroki's ghost (experienced VSBe)
  5057 | D:10     | Reached skill level 14 in Unarmed Combat
  5073 | D:10     | Found a staircase to the Lair.
  5107 | D:10     | Found Livios' Antique Weapon Shoppe.
  5349 | D:10     | Reached skill level 1 in Fighting
  5552 | D:10     | Found a staircase to the Orcish Mines.
  5569 | Orc:1    | Entered Level 1 of the Orcish Mines
  5766 | Orc:1    | Found a roughly hewn altar of Beogh.
  6927 | Orc:3    | Found a staircase to the Elven Halls.
  7035 | Elf:1    | Entered Level 1 of the Elven Halls
  7035 | Elf:1    | Noticed a deep elf conjurer
  7690 | D:5      | Bought a potion of experience for 650 gold pieces
  7690 | D:5      | Reached skill level 5 in Dodging
  7690 | D:5      | Reached XP level 11. HP: 99/107 MP: 10/10
  7909 | D:11     | Noticed a hill giant
  7921 | D:11     | Killed a hill giant
  7964 | D:11     | Noticed Josephine
  7972 | D:11     | Killed Josephine
  8215 | D:11     | Reached XP level 12. HP: 115/115 MP: 12/12
  8237 | D:11     | Noticed Fannar
  8260 | D:11     | Killed Fannar
  8260 | D:11     | Reached skill level 5 in Throwing
  8565 | D:11     | Noticed Erolcha
  8650 | D:11     | Found a bloodstained altar of Trog.
  8650 | D:11     | Noticed a wizard
  8657 | D:11     | Killed a wizard
  8780 | D:11     | Killed an unseen horror
  8921 | D:11     | Gained mutation: You possess an exceptional clarity of mind. [mutagenic meat]
  8922 | D:11     | Gained mutation: You expend magic power (3 MP) to slightly strengthen your wands. [mutagenic meat]
  8923 | D:11     | Lost mutation: You possess an exceptional clarity of mind. [mutagenic meat]
  8995 | D:12     | Noticed Nergalle
  9269 | Lair:1   | Entered Level 1 of the Lair of Beasts
  9269 | Lair:1   | Noticed Johnny's ghost (experienced HEAr)
  9275 | Lair:1   | Noticed a four-headed hydra
  9304 | Lair:2   | Gained mutation: You cannot read scrolls while threatened. [Ru sacrifice]
  9304 | Lair:2   | Acquired Ru's first power
  9304 | Lair:2   | Acquired Ru's second power
  9557 | Lair:2   | Reached skill level 15 in Unarmed Combat
 10626 | Lair:6   | Noticed a four-headed hydra
 10804 | Lair:5   | Reached XP level 13. HP: 102/128 MP: 12/12
 10868 | Lair:5   | Found a hole to the Spider Nest.
 11219 | Lair:6   | You fall through a shaft!
 11219 | Lair:8   | Entered Level 8 of the Lair of Beasts
 11497 | Lair:8   | Got a pitted hat
 11535 | Lair:8   | Identified the +0 hat "Pitweixa" {+Fly rElec rN+} (You found it on level 8 of the Lair of Beasts)
 11615 | Lair:8   | Noticed Maud
 11647 | Lair:8   | Killed Maud
 12197 | Lair:8   | Noticed a dire elephant
 12213 | Lair:8   | Killed a dire elephant
 12372 | Lair:8   | Noticed a dire elephant
 12372 | Lair:8   | Noticed a dire elephant
 12393 | Lair:8   | Killed a dire elephant
 12393 | Lair:8   | Reached skill level 5 in Evocations
 12496 | Lair:8   | Noticed a dire elephant
 13343 | Lair:7   | Found a staircase to the Slime Pits.
 13646 | Lair:6   | Killed a six-headed hydra
 13973 | Lair:3   | Found a staircase to the Swamp.
 14210 | Lair:4   | Gained mutation: Armour fits poorly on your strangely shaped body. [potion of mutation]
 14210 | Lair:4   | Gained mutation: Your spells are a little easier to cast, but a little less powerful. [potion of mutation]
 14211 | Lair:4   | Gained mutation: You have sharp toenails. [potion of mutation]
 14211 | Lair:4   | Gained mutation: You can translocate small distances at will. [potion of mutation]
 14211 | Lair:4   | Gained mutation: You can breathe flames. [potion of mutation]
 14334 | Lair:4   | Identified a +0 rod of inaccuracy (13/13) (You found it on level 4 of the Lair of Beasts)
 14501 | Lair:7   | Gained mutation: Scrolls take you a little longer to read. [potion of mutation]
 14501 | Lair:7   | Gained mutation: Your body is slowly deteriorating. [potion of mutation]
 14501 | Lair:7   | Gained mutation: You are robust (+10% HP). [potion of mutation]
 14621 | Lair:8   | Killed a dire elephant
 14621 | Lair:8   | Reached XP level 14. HP: 131/150 MP: 22/22
 14885 | Lair:8   | Noticed a dire elephant
 14894 | Lair:8   | Killed a dire elephant
 14904 | Lair:8   | Noticed a dire elephant
 15080 | Lair:8   | Killed a dire elephant
 15537 | Lair:1   | Noticed a six-headed hydra
 15544 | Lair:1   | Killed a six-headed hydra
 15859 | Lair:1   | Got a shimmering dagger
 15862 | Lair:1   | Identified the cursed +3 dagger "Beastslayer" {pierce, rPois+} (You found it on level 1 of the Lair of Beasts)
 15874 | Lair:1   | Lost mutation: You are robust (+10% HP). [Ru sacrifice]
 15874 | Lair:1   | Gained mutation: You are frail (-10% HP). [Ru sacrifice]
 15874 | Lair:1   | Acquired Ru's third power
 15875 | Lair:1   | Found a bloodstained altar of Trog.
 16215 | D:13     | Found a frozen archway.
 16257 | D:13     | Reached skill level 10 in Evocations
 16271 | IceCv    | Entered an ice cave
 16901 | IceCv    | Reached skill level 16 in Unarmed Combat
 17607 | IceCv    | Noticed a frost giant
 17632 | IceCv    | Killed a frost giant
 18136 | D:13     | Learned a level 2 spell: Blink
 18138 | D:13     | Learned a level 1 spell: Apportation
 18151 | D:13     | Found Kalutz's Gadget Shop.
 18155 | D:13     | Found Esua's Weapon Shop.
 18333 | D:14     | Found a gate to the Vaults.
 18333 | D:14     | Noticed Rupert
 18967 | D:14     | Gained mutation: You cannot study or cast Air magic. [Ru sacrifice]
 18967 | D:14     | Gained mutation: You cannot study or cast Necromancy magic. [Ru sacrifice]
 18967 | D:14     | Gained mutation: You cannot study or cast Conjurations magic. [Ru sacrifice]
 18967 | D:14     | Acquired Ru's fourth power
 19026 | D:14     | Lost mutation: You can translocate small distances at will. [mutagenic meat]
 19028 | D:14     | Gained mutation: Your body is deteriorating. [mutagenic meat]
 19029 | D:14     | Lost mutation: Your spells are a little easier to cast, but a little less powerful. [mutagenic meat]
 19155 | D:14     | Gained mutation: You are clumsy. (Dex -2) [mutagenic meat]
 19156 | D:14     | Gained mutation: You have a pair of small horns on your head. [mutagenic meat]
 19157 | D:14     | Gained mutation: You regenerate. [mutagenic meat]
 19205 | D:14     | Reached XP level 15. HP: 134/134 MP: 25/25
 19334 | D:14     | Reached skill level 10 in Dodging
 19404 | D:14     | Killed Rupert
 19554 | D:15     | Entered Level 15 of the Dungeon
 20127 | D:15     | Gained mutation: You can translocate small distances at will. [mutagenic meat]
 20128 | D:15     | Gained mutation: You have an increased reservoir of magic (+10% MP). [mutagenic meat]
 20243 | D:15     | Found a staircase to the Depths.
 20340 | Depths:1 | Entered Level 1 of the Depths
 20518 | D:15     | Reached skill level 1 in Shields
 20551 | D:15     | Noticed Kirke
 20639 | D:15     | Killed Kirke
 21115 | Depths:1 | Noticed an octopode crusher
 21135 | Depths:1 | Killed an octopode crusher
 21135 | Depths:1 | Reached skill level 5 in Shields
 21379 | Depths:1 | Noticed an octopode crusher
 21404 | Depths:1 | Killed an octopode crusher
 21802 | Depths:1 | Noticed a titan
 21957 | Depths:1 | Found a gateway to Hell.
 22131 | Depths:1 | Found a one-way gate to the infinite horrors of the Abyss.
 22188 | Depths:1 | Found a gateway to a ziggurat.
 22536 | Lair:1   | Killed an eight-headed hydra
 22580 | Lair:1   | Killed Johnny's ghost
 22580 | Lair:1   | Reached XP level 16. HP: 134/142 MP: 27/27
 22781 | Swamp:1  | Entered Level 1 of the Swamp
 22802 | Swamp:1  | Lost mutation: You have an increased reservoir of magic (+10% MP). [Ru sacrifice]
 22802 | Swamp:1  | Gained mutation: Your magical capacity is low (-10% MP). [Ru sacrifice]
 22802 | Swamp:1  | Acquired Ru's fifth power
 23143 | D:5      | Bought a scroll of immolation for 35 gold pieces
 23143 | D:5      | Bought a scroll of immolation for 35 gold pieces
 23575 | Swamp:2  | Paralysed by a hornet for 2 turns
 24660 | Swamp:2  | Reached skill level 10 in Shields
 24779 | Swamp:3  | Noticed Nikola
 24800 | Swamp:3  | Killed Nikola
 24884 | Swamp:3  | Reached skill level 1 in Armour
 25078 | Swamp:4  | Noticed Snorg
 25464 | Swamp:4  | Gained mutation: Your magical capacity is very low (-20% MP). [Ru sacrifice]
 25613 | Swamp:4  | Killed Snorg
 25851 | Swamp:5  | Entered Level 5 of the Swamp
 26125 | Swamp:5  | Reached skill level 5 in Armour
 26924 | Swamp:5  | Noticed a tentacled monstrosity
 26935 | Swamp:5  | Killed a tentacled monstrosity
 26935 | Swamp:5  | Reached XP level 17. HP: 131/148 MP: 20/20
 27020 | Swamp:5  | Got a decaying rune of Zot
 27302 | D:13     | Lost mutation: You regenerate. [potion of cure mutation]
 27302 | D:13     | Lost mutation: Scrolls take you a little longer to read. [potion of cure mutation]
 27302 | D:13     | Lost mutation: You expend magic power (3 MP) to slightly strengthen your wands. [potion of cure mutation]
 27302 | D:13     | Lost mutation: Armour fits poorly on your strangely shaped body. [potion of cure mutation]
 27302 | D:13     | Lost mutation: You can translocate small distances at will. [potion of cure mutation]
 27520 | D:5      | Bought a potion of cure mutation for 455 gold pieces
 27520 | D:5      | Lost mutation: Your body is deteriorating. [potion of cure mutation]
 27520 | D:5      | Lost mutation: Your body is slowly deteriorating. [potion of cure mutation]
 27520 | D:5      | Lost mutation: You are clumsy. (Dex -2) [potion of cure mutation]
 27520 | D:5      | Lost mutation: You can breathe flames. [potion of cure mutation]
 27529 | D:5      | Bought a potion of restore abilities for 65 gold pieces
 27824 | Spider:1 | Entered Level 1 of the Spider Nest
 27824 | Spider:1 | Noticed Urug
 27839 | Spider:1 | Killed Urug
 28148 | Spider:1 | Noticed Agnes
 28157 | Spider:1 | Killed Agnes
 29006 | Spider:3 | Reached skill level 10 in Armour
 29312 | Spider:5 | Entered Level 5 of the Spider Nest
 29497 | Spider:5 | Ru not helping
 29497 | Spider:5 | >tfw
 31517 | Spider:5 | Reached skill level 10 in Fighting
 32213 | Spider:5 | Got a gossamer rune of Zot
 32540 | Orc:3    | Killed a deep elf conjurer
 32561 | Elf:1    | Noticed a deep elf knight
 32561 | Elf:1    | Noticed a deep elf knight
 32565 | Elf:1    | Killed a deep elf knight
 32566 | Elf:1    | Noticed a deep elf conjurer
 32587 | Orc:3    | Killed a deep elf knight
 32663 | Elf:1    | Killed a deep elf conjurer
 32910 | Elf:3    | Entered Level 3 of the Elven Halls
 32987 | Elf:3    | Reached XP level 18. HP: 144/158 MP: 21/21
 33381 | Elf:3    | Reached skill level 17 in Unarmed Combat
 34932 | Elf:3    | Reached skill level 18 in Unarmed Combat
 35197 | Elf:3    | Identified the Papyrus of the Sinister Oath (You found it on level 3 of the Elven Halls)
 35380 | Elf:3    | Identified Hatupom's Incunabulum of Augmentations (You found it on level 3 of the Elven Halls)
 35388 | Elf:3    | Learned a level 6 spell: Haste
 35763 | Vaults:1 | Entered Level 1 of the Vaults
 35871 | Vaults:1 | Dat lag
 36112 | Vaults:1 | Reached XP level 19. HP: 115/170 MP: 22/22
 36663 | Zig:1    | Entered Level 1 of a ziggurat
 36697 | Zig:2    | Entered Level 2 of a ziggurat
 36707 | Zig:2    | Reached skill level 19 in Unarmed Combat
 36994 | Zig:3    | Entered Level 3 of a ziggurat
 37028 | Zig:3    | Got a shimmering cloak
 37029 | Zig:3    | Identified the +0 cloak "Uddubeq" {rPois+ HP+9 Dex-4} (You found it on level 3 of a ziggurat)
 37040 | Zig:4    | Entered Level 4 of a ziggurat
 37042 | Zig:4    | Noticed a greater mummy
 37052 | Zig:4    | Killed a greater mummy
 37266 | Zig:5    | Entered Level 5 of a ziggurat
 37454 | Zig:5    | Identified Sukhe's Tome of Necromancy and the Traveller (You found it on level 5 of a ziggurat)
 37468 | Zig:6    | Entered Level 6 of a ziggurat
 37477 | Zig:6    | Reached skill level 1 in Translocations
 37603 | Zig:7    | Entered Level 7 of a ziggurat
 37647 | Zig:7    | Identified the Disquisition on Sinister Arts
 37667 | Zig:7    | Got a smoking iron ring
 37668 | Zig:7    | Identified the ring of the Cast Vote {+/*Tele rC- Str+2 Int+2} (You found it on level 7 of a ziggurat)
 37741 | Zig:8    | Entered Level 8 of a ziggurat
 37853 | Zig:9    | Entered Level 9 of a ziggurat
 37859 | Zig:9    | Noticed a Killer Klown
 37860 | Zig:9    | Noticed a Killer Klown
 37860 | Zig:9    | Noticed a Killer Klown
 37861 | Zig:9    | Noticed a Killer Klown
 37862 | Zig:9    | Killed a Killer Klown
 37864 | Zig:9    | Killed a Killer Klown
 37864 | Zig:9    | Killed a Killer Klown
 37866 | Zig:9    | Killed a Killer Klown
 37893 | Zig:9    | Got a transparent turquoise ring
 37895 | Zig:9    | Identified the ring of Perfectionism {rElec rN+ Str+3 Dex+3} (You found it on level 9 of a ziggurat)
 37920 | Zig:10   | Entered Level 10 of a ziggurat
 37932 | Zig:10   | Reached skill level 5 in Translocations
 37950 | Zig:10   | Reached skill level 5 in Spellcasting
 38046 | Zig:10   | Reached XP level 20. HP: 154/178 MP: 17/22
 38193 | Depths:1 | Killed a titan
 38200 | Depths:1 | Reached XP level 21. HP: 111/185 MP: 21/23
 38323 | Depths:1 | >The acid burn
 38326 | Depths:1 | >The acid burns
 38326 | Depths:1 | >The acid burns
 38330 | Depths:1 | >The acid burns
 38535 | Depths:1 | Found a one-way gate leading to the halls of Pandemonium.
 38619 | Depths:2 | Noticed a shadow dragon
 38630 | Depths:2 | Killed a shadow dragon
 38721 | Depths:2 | Reached skill level 20 in Unarmed Combat
 39154 | Depths:2 | Noticed a tengu reaver
 39176 | Depths:2 | Killed a tengu reaver
 39270 | Depths:2 | Found a sacrificial altar of Ru.
 39271 | Depths:2 | Found a sacrificial altar of Ru.
 39285 | Depths:2 | Found a shadowy altar of Dithmenos.
 39287 | Depths:2 | Ru
 39451 | Depths:3 | Found a magical portal.
 39455 | WizLab   | Entered The Roulette of Golubria
 40104 | Depths:2 | Reached skill level 1 in Charms
 40226 | Depths:2 | Noticed a tengu reaver
 40285 | Depths:2 | Killed a tengu reaver
 40997 | Depths:2 | Reached skill level 5 in Charms
 41001 | Depths:2 | Noticed a golden dragon
 41028 | Depths:2 | Killed a golden dragon
 41337 | Depths:2 | Learned a level 4 spell: Control Teleport
 41467 | Depths:2 | WHO BITCH THIS IS
 41524 | Depths:3 | Identified a +0 rod of destruction (10/10) (You took it off a minotaur on level 2 of the Depths)
 42031 | Depths:5 | Entered Level 5 of the Depths
 42053 | Depths:5 | Reached XP level 22. HP: 193/193 MP: 16/23
 42554 | Depths:5 | Reached skill level 21 in Unarmed Combat
 43097 | Depths:4 | Voluntarily entered the Abyss.
 43180 | Abyss:1  | Paralysed by an orc sorcerer for 3 turns
 44322 | Abyss:3  | Found a corrupted altar of Lugonu.
 44322 | Abyss:3  | Found a corrupted altar of Lugonu.
 44325 | Abyss:3  | Found a shimmering altar of Xom.
 44407 | Abyss:3  | Found a corrupted altar of Lugonu.
 44411 | Abyss:3  | Found a corrupted altar of Lugonu.
 44619 | Abyss:3  | Found a corrupted altar of Lugonu.
 44646 | Abyss:3  | Got an abyssal rune of Zot
 44897 | Depths:4 | Escaped the Abyss
 45321 | Depths:5 | Found a gate to the Realm of Zot.
 45354 | Depths:5 | Reached skill level 22 in Unarmed Combat
 45558 | Zot:1    | Entered Level 1 of the Realm of Zot
 45891 | Zot:2    | Got a pitted shield
 45902 | Zot:2    | Identified the +4 shield "Antaenia" {rPois+} (You found it on level 2 of the Realm of Zot)
 46601 | Zot:2    | Reached XP level 23. HP: 127/200 MP: 24/24
 46718 | Zot:2    | Reached skill level 23 in Unarmed Combat
 46795 | Zot:2    | Identified a scroll of acquirement
 47770 | Zot:4    | Reached skill level 15 in Armour
 48237 | Zot:5    | Entered Level 5 of the Realm of Zot
 48810 | Zot:5    | Reached XP level 24. HP: 198/207 MP: 24/24
 49093 | Zot:5    | Noticed an ancient lich
 49115 | Zot:5    | Killed an ancient lich
 49285 | Zot:5    | Noticed an ancient lich
 49306 | Zot:5    | Killed an ancient lich
 49428 | Zot:5    | Noticed an ancient lich
 49435 | Zot:5    | Killed an ancient lich
 49928 | Zot:5    | Noticed an orb of fire
 49929 | Zot:5    | Noticed an orb of fire
 49930 | Zot:5    | Gained mutation: You tend to lose your temper in combat. [an orb of fire]
 49947 | Zot:5    | Killed an orb of fire
 49948 | Zot:5    | Noticed an orb of fire
 49988 | Zot:5    | Killed an orb of fire
 49992 | Zot:5    | Killed an orb of fire
 50264 | Zot:5    | Got the Orb of Zot
 50303 | Zot:3    | Noticed Dalu the pandemonium lord
 50645 | D:11     | Reached XP level 25. HP: 115/215 MP: 24/24
 50912 | D:$      | Escaped with the Orb!

Action                   |  1- 3 |  4- 6 |  7- 9 | 10-12 | 13-15 | 16-18 | 19-21 | 22-24 | 25-27 || total
-------------------------+-------+-------+-------+-------+-------+-------+-------+-------+-------++-------
Melee: Unarmed           |   103 |   161 |   275 |   809 |  1389 |  2096 |   725 |  1139 |     6 ||  6703
 Fire: Blowgun           |       |    15 |    45 |    36 |     2 |       |       |       |       ||    98
Throw: Tomahawk          |       |       |       |    15 |     5 |       |       |       |       ||    20
       Large rock        |       |       |       |    15 |    17 |    59 |    36 |   113 |       ||   240
       Stone             |       |       |       |       |     1 |       |       |       |       ||     1
 Cast: Repel Missiles    |       |       |       |     1 |     1 |       |       |       |       ||     2
       Apportation       |       |       |       |       |       |     1 |       |    24 |       ||    25
       Blink             |       |       |       |       |       |       |     1 |     1 |       ||     2
Invok: Sacrifice Stealth |       |       |     1 |       |       |       |       |       |       ||     1
       Reject Sacrifices |       |       |       |     2 |       |       |       |       |       ||     2
       Sacrifice Words   |       |       |       |     1 |       |       |       |       |       ||     1
       Sacrifice Health  |       |       |       |       |     1 |       |       |       |       ||     1
       Sacrifice Arcana  |       |       |       |       |     1 |       |       |       |       ||     1
       Apocalypse        |       |       |       |       |       |     7 |    12 |    19 |       ||    38
       Sacrifice Essence |       |       |       |       |       |     2 |       |       |       ||     2
       Power Leap        |       |       |       |       |       |     1 |       |       |       ||     1
       Draw Out Power    |       |       |       |       |       |     2 |       |     1 |       ||     3
 Abil: Evoke Flight      |       |       |       |       |     1 |     2 |       |       |       ||     3
       Blink             |       |       |       |       |     1 |     1 |       |       |       ||     2
       Evoke Teleportati |       |       |       |       |       |     3 |       |    14 |       ||    17
Evoke: Wand              |       |       |     4 |     4 |    25 |    33 |    12 |    14 |     1 ||    93
       Rod               |       |       |       |       |    77 |    71 |    62 |    14 |       ||   224
       Fan of gales      |       |       |       |       |     2 |     3 |       |       |     1 ||     6
       Box of beasts     |       |       |       |       |     1 |     3 |       |       |       ||     4
       Lamp of fire      |       |       |       |       |       |     1 |     2 |     2 |       ||     5
       Phial of floods   |       |       |       |       |       |       |       |     2 |       ||     2
  Use: Potion            |     4 |     1 |     2 |     3 |    10 |     8 |     3 |    13 |       ||    44
       Scroll            |       |     4 |    18 |     7 |    16 |    14 |    18 |    14 |       ||    91
 Stab: Sleeping          |     1 |       |       |       |       |       |       |       |       ||     1
       Invisible         |       |       |       |     1 |    13 |    26 |    13 |    15 |       ||    68
       Distracted        |       |       |       |     1 |       |     5 |     2 |     3 |       ||    11
       Paralysed         |       |       |       |       |     9 |    36 |    18 |    24 |       ||    87
       Confused          |       |       |       |       |       |     2 |       |       |       ||     2
       Petrifying        |       |       |       |       |       |       |     1 |       |       ||     1
  Eat: Chunk             |     2 |     8 |    18 |    63 |   111 |   114 |    45 |    43 |       ||   404
       Meat ration       |       |     2 |       |       |       |     1 |     2 |     6 |       ||    11
       Beef jerky        |       |       |     1 |     1 |     6 |     2 |       |     1 |       ||    11
       Royal jelly       |       |       |     1 |       |       |       |     1 |       |       ||     2
       Fruit             |       |       |       |     4 |     2 |     4 |       |       |       ||    10
       Bread ration      |       |       |       |       |       |     1 |       |     3 |       ||     4
       Pizza             |       |       |       |       |       |       |     1 |       |       ||     1
